cohdb
Replays
Latest Replays
All Replays
Popular Replays
Top Player Replays
Match Explorer
How It Works
Community
CoH3 Stats
Reddit
Sign in to upload your games and track your stats! →
Sign in with Steam
Match 25194587
Unlisted
Match 25194587
Overview
Messages
Build Orders
End
Panzergrenadier Squad
Selects Italian Infantry
Kradschützen Motorcycle Team
Panzergrenadier Squad
Construct Light Support Kompanie
Construct Mechanized Kompanie
Selects Guastatori Squad
Guastatori Squad
2.5-tonne Medical Truck
Guastatori Squad
Selects Defensive Operations
Marder III Tank Destroyer
Selects Registered Artillery
Selects Territory Booby Traps
Construct Panzerarmee Kommand
Selects Towed Cannone da 105/28 Field Howitzer
Towed Cannone da 105/28 Field Howitzer
Registered Artillery
Selects Obice 305mm Barrage
Obice 305mm Barrage
Easily
COUCH POTATO
Albalio
rain
^3
Metalharl
RommelF
Africanoblanco
0
0
Comments
sign in to comment!
No comments posted yet!